 Dungeon Crawl Stone Soup version 0.26-a0-753-g4680b4fa2e (webtiles) character file.

Game seed: 315145214073322965

489360 Peloso the Minotaur Barricade (level 23, 0/224 HPs)
             Began as a Minotaur Fighter on Nov 6, 2020.
             Was the Champion of Okawaru.
             Killed from afar by Margery (60 damage)
             ... with a bolt of fire
             ... on level 1 of the Crypt on Nov 7, 2020.
             The game lasted 03:08:12 (56319 turns).

Peloso the Minotaur Barricade (Minotaur Fighter)   Turns: 56319, Time: 03:08:13

Health: 0/224      AC: 27    Str: 51    XL:     23   Next: 56%
Magic:  24/25      EV: 24    Int:  3    God:    Okawaru [******]
Gold:   3820       SH: 32    Dex: 20    Spells: 22/22 levels left

rFire    x . .     SeeInvis +   c - +9 scimitar "Demonslayer" {holy, Str+2 SInv}
rCold    + + +     Faith    +   M - +0 tower shield {reflect}
rNeg     + + +     Spirit   .   L - +2 plate armour of Panentheism {Dex+3}
rPois    .         Reflect  +   U - +1 hat of Light {Str+5}
rElec    +         Harm     .   k - -5 cloak of Shadows and Fog {rC+ rN++ rCorr Int-2}
rCorr    +         Rampage  .   t - +0 pair of gloves {Str+3}
MR       +++..                  y - +2 pair of boots of the Nightingale {rN+ Str+6 Slay+2}
Stlth    ..........             q - amulet of faith
HPRegen  0.47/turn              v - ring of Kohaaq {+Fly rElec rC+ Dex+4 Stlth-}
MPRegen  0.19/turn              u - ring "Cuw Puwkinu" {rF- rC+ MR++ Str+7}

@: heroism
A: retaliatory headbutt, horns 2
}: 3/15 runes: decaying, serpentine, silver
a: Heroism, Finesse, Renounce Religion, Evoke Flight


You were on level 1 of the Crypt.
You worshipped Okawaru.
Okawaru was exalted by your worship.
You visited 9 branches of the dungeon, and saw 42 of its levels.
You also visited: Ice Cave.

You collected 6160 gold pieces.
You spent 2340 gold pieces at shops.

Inventory:

Hand Weapons
 a - the +10 scimitar "Qouker" {freeze, rPois Str+4}
   (Okawaru gifted it to you on level 2 of the Lair of Beasts)

   It has been specially enchanted to freeze those struck by it, causing extra
   injury to most foes and up to half again as much damage against particularly
   susceptible opponents.
   It can also slow down cold-blooded creatures.
   It affects your strength (+4).
   It protects you from poison.
 b - the +9 falchion "Foekho" {vorpal, rElec rF+}
   (You took it off a hell knight on level 5 of the Vaults)

   It inflicts extra damage upon your enemies.
   It protects you from fire.
   It insulates you from electricity.
 c - the +9 scimitar "Demonslayer" (weapon) {holy, Str+2 SInv}
   (Okawaru gifted it to you on level 2 of the Lair of Beasts)

   It has been blessed by the Shining One to cause great damage to the undead
   and demons.
   It affects your strength (+2).
   It lets you see invisible.
 w - the +8 trident of the Octopus King {venom, rElec rPois MR+}
   (You took it off a tengu reaver on level 5 of the Vaults)

   It poisons the flesh of those it strikes.
   It insulates you from electricity.
   It protects you from poison.
   It affects your resistance to hostile enchantments.
Armour
 g - the +0 pair of gloves "Ucaev" {MR+++ Regen+ Int-4 Slay+2}
   (Okawaru gifted it to you on level 1 of the Elven Halls)

   It affects your intelligence (-4).
   It affects your accuracy and damage with ranged weapons and melee attacks
   (+2).
   It affects your resistance to hostile enchantments.
   It increases your rate of regeneration.
 k - the -5 cloak of Shadows and Fog (worn) {rC+ rN++ rCorr Int-2}
   (You bought it in a shop on level 8 of the Dungeon)

   It affects your intelligence (-2).
   It protects you from cold.
   It greatly protects you from negative energy.
   It provides partial protection from all sources of acid and corrosion.
 t - a +0 pair of gloves of strength (worn)
 y - the +2 pair of boots of the Nightingale (worn) {rN+ Str+6 Slay+2}
   (Okawaru gifted it to you on level 4 of the Lair of Beasts)

   It affects your strength (+6).
   It affects your accuracy and damage with ranged weapons and melee attacks
   (+2).
   It protects you from negative energy.
 A - a +2 cloak
 L - the +2 plate armour of Panentheism (worn) {Dex+3}
   (You bought it in a shop on level 2 of the Snake Pit)

   It affects your dexterity (+3).
 M - a +0 tower shield of reflection (worn)
 U - the +1 hat of Light (worn) {Str+5}
   (Okawaru gifted it to you on level 6 of the Lair of Beasts)

   It affects your strength (+5).
Jewellery
 o - an uncursed ring of resist corrosion
 q - an amulet of faith (around neck)
 u - the ring "Cuw Puwkinu" (right hand) {rF- rC+ MR++ Str+7}
   (You took it off a deep elf sorcerer on level 3 of the Elven Halls)

   [ring of protection from cold]

   It affects your strength (+7).
   It makes you vulnerable to fire.
   It protects you from cold.
   It affects your resistance to hostile enchantments.
 v - the ring of Kohaaq (left hand) {+Fly rElec rC+ Dex+4 Stlth-}
   (You took it off a deep elf high priest on level 3 of the Elven Halls)

   [ring of attention]

   It affects your dexterity (+4).
   It protects you from cold.
   It insulates you from electricity.
   It lets you fly.
   It makes you less stealthy.
 D - an uncursed ring of flight
Wands
 x - a wand of digging (3)
 B - a wand of flame (16)
Scrolls
 e - 3 scrolls of blinking
 h - 22 scrolls of remove curse
 i - 9 scrolls of identify
 j - 2 scrolls of noise
 m - a scroll of fog
 n - 3 scrolls of fear
 p - 11 scrolls of magic mapping
 G - 9 scrolls of immolation
 O - a scroll of acquirement
 V - 14 scrolls of teleportation
Potions
 d - 10 potions of might
 f - 6 potions of flight
 l - 12 potions of haste
 r - 4 potions of berserk rage
 s - 20 potions of curing
 z - a potion of resistance
 C - a potion of heal wounds
 E - a potion of magic
 R - 3 potions of mutation


   Skills:
 + Level 22.5(27) Fighting
 + Level 22.5(27) Long Blades
 + Level 18.8(23.8) Armour
 + Level 12.5(17.5) Dodging
 + Level 4.3(9.3) Stealth
 O Level 27 Shields
 + Level 4.2 Invocations
 + Level 2.4 Evocations


You had 22 spell levels left.
You didn't know any spells.
Your spell library contained the following spells:

 Spells                   Type           Power        Failure   Level
 Corona                   Hex            #......      77%         1
 Foxfire                  Conj/Fire      #...         77%         1
 Sandblast                Erth           #.....       77%         1
 Shock                    Conj/Air       #...         77%         1
 Sting                    Tmut/Pois      #...         77%         1
 Corpse Rot               Necr/Air       N/A          88%         2
 Ensorcelled Hibernation  Hex/Ice        #.....       88%         2
 Passwall                 Tmut/Erth      #.......     88%         2
 Poisonous Vapours        Pois/Air       #.....       88%         2
 Slow                     Hex            #.......     88%         2
 Swiftness                Air            #.......     88%         2
 Confusing Touch          Hex            #.......     98%         3
 Conjure Flame            Conj/Fire      #.......     98%         3
 Gell's Gravitas          Tloc           #.........   98%         3
 Ignite Poison            Fire/Tmut/Pois #.......     98%         3
 Inner Flame              Hex/Fire       #.......     98%         3
 Mephitic Cloud           Conj/Pois/Air  #.......     98%         3
 Portal Projectile        Hex/Tloc       #.....       98%         3
 Static Discharge         Conj/Air       #.......     98%         3
 Stone Arrow              Conj/Erth      #.....       98%         3
 Airstrike                Air            #.........   100%        4
 Animate Dead             Necr           #.........   100%        4
 Cause Fear               Hex            #.........   100%        4
 Fulminant Prism          Conj/Hex       #.........   100%        4
 Ice Form                 Ice/Tmut       #.......     100%        4
 Leda's Liquefaction      Hex/Erth       #.........   100%        4
 Olgreb's Toxic Radiance  Pois           #.......     100%        4
 Passage of Golubria      Tloc           N/A          100%        4
 Petrify                  Tmut/Erth      #.......     100%        4
 Sticky Flame             Conj/Fire      #.......     100%        4
 Bolt of Magma            Conj/Fire/Erth #.........   100%        5
 Borgnjor's Vile Clutch   Necr/Erth      #.........   100%        5
 Fireball                 Conj/Fire      #.........   100%        5
 Iskenderun's Battlesphe  Conj           #.......     100%        5
 Lee's Rapid Deconstruct  Erth           #.........   100%        5
 Lightning Bolt           Conj/Air       #.........   100%        5
 Metabolic Englaciation   Hex/Ice        #.........   100%        5
 Summon Demon             Summ           #.........   100%        5
 Summon Forest            Summ/Tloc      #.........   100%        5
 Summon Mana Viper        Hex/Summ       #.......     100%        5
 Yara's Violent Unravell  Hex/Tmut       #.........   100%        5
 Death Channel            Necr           #.........   100%        6
 Eringya's Noxious Bog    Tmut/Pois      #.........   100%        6
 Hydra Form               Tmut           #.........   100%        6
 Invisibility             Hex            #.......     100%        6
 Iron Shot                Conj/Erth      #.........   100%        6
 Shadow Creatures         Summ           N/A          100%        6
 Simulacrum               Ice/Necr       #.........   100%        6
 Statue Form              Tmut/Erth      #........    100%        6
 Orb of Destruction       Conj           #.........   100%        7
 Spellforged Servitor     Conj/Summ      #.........   100%        7
 Summon Hydra             Summ           #.........   100%        7
 Chain Lightning          Conj/Air       #.........   100%        8
 Lehudib's Crystal Spear  Conj/Erth      #.........   100%        8
 Absolute Zero            Ice            #.........   100%        9
 Fire Storm               Conj/Fire      #.........   100%        9


Dungeon Overview and Level Annotations

Branches:
Dungeon (15/15)            Temple (1/1) D:4            Lair (6/6) D:10
  Swamp (4/4) Lair:2        Snake (4/4) Lair:3        Slime (0/5) Lair:6
    Orc (2/2) D:10            Elf (3/3) Orc:2        Vaults (5/5) D:13
  Crypt (2/3) Vaults:2     Depths (0/5) D:15          IceCv (visited)

Altars:
Fedhas
Kikubaaqudgha
Makhleb
Okawaru
Ru
Sif Muna
Vehumet
Xom
Yredelemnul
Zin
The Shining One

Shops:
D:5 [   D:8 ![[   D:11 (   D:12 }=   Orc:1 }   Orc:2 =*[([   Elf:1 *
Snake:2 ([?   Snake:4 *(}

Portals:
Trove: Vaults:3 (show slimy rune of Zot)

Annotations:
Crypt:1 Margery


Innate Abilities, Weirdness & Mutations

You reflexively headbutt those who attack you in melee.
You have a pair of horns on your head.


Message History

Margery screams, "Death is my middle name!"
Margery casts a spell at you. The bolt of fire hits you!!!
The fire burns you terribly!
* * * LOW HITPOINT WARNING * * *
You closely miss Margery. You headbutt Margery!!
Margery is heavily wounded.
You block the necromancer's attack. Margery completely misses you.
You furiously retaliate!
You headbutt Margery.
You feel much better. You block the necromancer's attack.
You feel much better.
Margery's soul is no longer bound.
Margery gestures at you while chanting. The bolt of fire misses you.
The necromancer mumbles some strange words.
The necromancer binds the souls of nearby monsters.
Unknown command.
You slice Margery!!
Margery is severely wounded.
Margery points at you and mumbles some strange words.
The bolt of fire hits you!!! The fire burns you terribly!
You die...

#.'.# #.# #....#....
#.#######.#############....
#.#........................
#.#........................
#.#........................
#.#........................
#.#........................
#.#....(............._.....
#.#.....##@p...............
#.######.#@................
#......#.#................[
######.#.#.................
#..# #.#.#(................
#..# #.#.#.................
#..# #...'.................
#..###'###.................
####..........................


You could see Margery (soul bound) and a necromancer.

Vanquished Creatures
  2 ancient liches (Vaults:5)
  Mara (Vaults:4)
  Sojobo (Vaults:4)
  the Lernaean hydra (Swamp:4)
  Bai Suzhen (Snake:4)
  Saint Roka (Snake:4)
  Vashnia (Snake:4)
  Xtahua (Vaults:3)
  Nikola (Swamp:3)
  Jorgrun (Elf:1)
  4 tentacled monstrosities
  Rupert (D:14)
  The ghost of Ynisk the Swashbuckler, an adept HaHu of Okawaru (Vaults:4)
  A lich (Vaults:4)
  A deep elf blademaster (Elf:3)
  2 titans (Vaults:5)
  2 deep elf master archers (Elf:3)
  3 shadow dragons
  A sphinx (Vaults:4)
  Gastronok (Lair:1)
  6 nagarajas
  An ancient champion (Crypt:1)
  10 tengu reavers
  Kirke (Lair:4)
  Roxanne (Snake:4)
  2 storm dragons (Vaults:5)
  2 revenants (Crypt:1)
  4 frost giants
  An iron dragon (Vaults:5)
  9 deep elf sorcerers
  3 orc warlords
  3 fire giants
  11 vault wardens
  Aizul (Snake:2)
  A curse skull (Crypt:1)
  3 ghouls (Crypt:1)
  15 ironheart preservers
  The ghost of Flubber the Bludgeoner, a journeyman GrFi of Okawaru (Swamp:3)
  A war gargoyle (Vaults:4)
  2 deep elf elementalists (Elf:3)
  12 very ugly things
  8 stone giants
  An entropy weaver (Vaults:5)
  10 deep elf annihilators
  A vampire knight (Crypt:1)
  4 deep elf demonologists
  A spark wasp (shapeshifter) (Vaults:4)
  5 bunyips
  3 eidola (Crypt:1)
  7 deep elf death magi
  Snorg (D:11)
  5 eleionomae
  8 ettins
  A jiangshi (Crypt:1)
  A fire dragon (D:13)
  A shambling mangrove (Swamp:2)
  A great orb of eyes (D:13)
  4 deep elf high priests (Elf:3)
  35 vault guards
  12 yaktaur captains
  Erolcha (D:12)
  22 hydras
  18 naga warriors
  A quicksilver dragon skeleton (Crypt:1)
  2 catoblepae
  8 centaur warriors
  10 boulder beetles
  3 ghost crabs
  5 ice dragons
  3 death knights
  Erica (Orc:1)
  26 two-headed ogres
  7 alligators
  11 anacondas
  11 ogre magi
  22 dancing weapons
  2 deep troll shamans (Vaults:4)
  17 naga sharpshooters
  A deep troll earth mage (Vaults:4)
  Urug (D:12)
  4 death yaks
  A satyr (shapeshifter) (Vaults:5)
  3 orc high priests (Orc:2)
  A tengu warrior (D:15)
  A storm dragon zombie (Vaults:5)
  2 vampire magi (Crypt:1)
  A shock serpent (shapeshifter) (Vaults:5)
  3 goliath frogs
  4 shock serpents
  A soul eater (Crypt:1)
  23 deep elf knights
  2 salamander mystics
  A bunyip zombie (Crypt:1)
  2 titan skeletons (Crypt:1)
  The ghost of Perttuleena the Slicer, a novice HaCK of Xom (D:8)
  A fire crab (shapeshifter) (Vaults:5)
  10 sea snakes
  4 unseen horrors
  A hell knight (Vaults:5)
  7 skeletal warriors
  8 swamp dragons
  7 bog bodies
  A glowing orange brain (Vaults:4)
  12 naga ritualists
  14 ironbrand convokers
  3 spriggan druids
  4 harpies (Vaults:1)
  10 deep elf archers
  4 wizards
  7 phantasmal warriors
  2 deep trolls (Vaults:4)
  A swamp dragon (shapeshifter) (Elf:2)
  65 deep elf magi
  5 necromancers
  6 orc sorcerers
  13 mana vipers
  21 orc knights
  A manticore (shapeshifter) (Vaults:2)
  5 oklob plants
  4 manticores
  26 ugly things
  10 cyclopes
  4 salamanders
  A wolf spider (Vaults:4)
  A sphinx skeleton (Vaults:1)
  A frost giant skeleton (Vaults:1)
  2 centaur zombies
  4 will-o-the-wisps
  4 guardian serpents
  Maurice (D:8)
  A black mamba (shapeshifter) (Elf:3)
  3 elephants (Lair:2)
  32 naga magi
  A guardian serpent (shapeshifter) (Elf:3)
  39 black mambas
  31 cane toads
  3 gargoyles
  10 vault sentinels
  2 rime drakes (shapeshifter)
  A swamp worm zombie (Crypt:1)
  4 rime drakes
  An efreet (D:15)
  3 kobold demonologists (D:15)
  11 komodo dragons
  22 yaktaurs
  2 tengu conjurers
  8 freezing wraiths
  12 tyrant leeches
  20 polar bears
  A queen bee (Lair:1)
  An entropy weaver simulacrum (Vaults:1)
  12 trolls
  Prince Ribbit (D:9)
  2 wolf spider simulacra
  A wind drake (shapeshifter) (D:13)
  10 hornets
  9 slime creatures
  38 blink frogs
  A blink frog (shapeshifter) (Vaults:2)
  2 meliai zombies
  A harpy skeleton (D:15)
  A frost giant simulacrum (Vaults:1)
  A human simulacrum (Vaults:2)
  4 air elementals (Elf:3)
  A redback (Vaults:5)
  8 spriggans
  2 shadows
  4 water elementals
  2 wyverns
  5 wraiths
  63 yaks
  A basilisk (shapeshifter) (Elf:3)
  4 basilisks
  A hog (shapeshifter) (D:15)
  5 fire elementals
  A wind drake skeleton (Crypt:1)
  15 vampire mosquitoes
  58 nagas
  10 wargs
  3 acid dragons
  15 swamp worms
  A soldier ant (D:14)
  16 water moccasins
  A monstrous demonspawn skeleton (Crypt:1)
  A meliai simulacrum (D:13)
  3 hornet zombies
  2 ice beasts (D:8)
  A black bear (shapeshifter) (D:13)
  72 orc warriors
  3 sky beasts
  4 phantoms
  8 swamp drakes
  A black bear (Lair:4)
  An eye of draining (D:14)
  2 necrophages
  45 ogres
  22 wolves
  A wolf (shapeshifter) (Vaults:5)
  An elf skeleton (Vaults:1)
  3 human skeletons
  6 big kobolds
  28 centaurs
  34 bullfrogs
  A human zombie (Vaults:1)
  4 gnoll sergeants
  A yaktaur skeleton (Vaults:1)
  2 glowing shapeshifter simulacra (Vaults:5)
  3 earth elementals (Elf:2)
  3 scorpions
  25 killer bees (Lair:1)
  11 wights
  2 electric eels
  6 howler monkeys
  3 bullfrog zombies
  9 hounds
  4 jellies
  32 orc priests
  25 orc wizards
  2 gnoll shamans
  3 bullfrog skeletons
  7 centaur skeletons
  Terence (D:3)
  7 iguanas
  11 worker ants
  An acid dragon zombie (Crypt:1)
  A hound skeleton (D:7)
  2 howler monkey zombies (D:6)
  15 gnolls
  A howler monkey skeleton (D:7)
  13 adders
  A shadow imp (D:8)
  4 white imps
  An ufetubus (D:10)
  3 oozes (Lair:6)
  An adder zombie (D:9)
  An adder skeleton (D:9)
  A worm (D:2)
  3 dart slugs (D:3)
  A leopard gecko (D:7)
  117 orcs
  5 bats
  8 giant cockroaches
  12 goblins
  11 hobgoblins
  8 jackals
  4 quokkas
  5 ball pythons
  3 frilled lizards
  14 kobolds
  A leopard gecko skeleton (D:5)
  A quokka skeleton (D:7)
  2 rats
  2 bushes
  A fungus (Lair:1)
1869 creatures vanquished.

Vanquished Creatures (others)
  A black mamba (Snake:3)
  A yaktaur (Vaults:2)
  3 bloated husks (Swamp:1)
  A polar bear (IceCv)
  A blink frog (Lair:6)
  A spriggan (Swamp:4)
  A human (Lair:4)
  3 vampire mosquitoes (Swamp:1)
  A swamp worm (Swamp:1)
  2 orcs
  19 foxfires
  40 fungi
  125 plants
199 creatures vanquished.

Grand Total: 2068 creatures vanquished

Notes
Turn   | Place    | Note
-------+----------+-------------------------------------------
     0 | D:1      | Peloso the Minotaur Fighter began the quest for the Orb.
     0 | D:1      | Reached XP level 1. HP: 19/19 MP: 0/0
   165 | D:1      | Reached XP level 2. HP: 27/27 MP: 1/1
   300 | D:1      | Reached skill level 4 in Shields
   718 | D:2      | Reached XP level 3. HP: 33/33 MP: 2/2
  1678 | D:3      | Found a glowing golden altar of the Shining One.
  1759 | D:3      | Reached skill level 1 in Dodging
  1899 | D:3      | Reached XP level 4. HP: 40/40 MP: 3/3
  2194 | D:3      | Noticed Terence
  2203 | D:3      | Killed Terence
  2203 | D:3      | Reached XP level 5. HP: 46/46 MP: 4/4
  2568 | D:4      | Found an ancient bone altar of Kikubaaqudgha.
  2656 | D:4      | Found a radiant altar of Vehumet.
  2937 | D:4      | Reached skill level 5 in Long Blades
  2937 | D:4      | Reached XP level 6. HP: 46/53 MP: 5/5
  3061 | D:4      | Found a staircase to the Ecumenical Temple.
  3070 | Temple   | Entered the Ecumenical Temple
  3089 | Temple   | Became a worshipper of Warmaster Okawaru
  3245 | D:4      | Reached skill level 5 in Shields
  3509 | D:5      | Entered Level 5 of the Dungeon
  3551 | D:5      | Noticed a sky beast
  3564 | D:5      | Killed a sky beast
  3564 | D:5      | Reached skill level 5 in Fighting
  3604 | D:5      | Reached * piety under Okawaru
  3604 | D:5      | Reached skill level 5 in Armour
  3604 | D:5      | Reached XP level 7. HP: 52/61 MP: 6/6
  3859 | D:5      | Found an ancient bone altar of Kikubaaqudgha.
  3893 | D:5      | Found Yrhuc's Armour Emporium.
  4424 | D:5      | Reached skill level 6 in Shields
  4745 | D:6      | Reached ** piety under Okawaru
  4745 | D:6      | Reached XP level 8. HP: 65/69 MP: 7/7
  5033 | D:6      | Reached skill level 7 in Shields
  5566 | D:7      | Found a radiant altar of Vehumet.
  6306 | D:8      | Reached *** piety under Okawaru
  6362 | D:8      | Reached XP level 9. HP: 77/77 MP: 8/8
  6404 | D:8      | Noticed Maurice
  6417 | D:8      | Killed Maurice
  6417 | D:8      | Reached skill level 1 in Stealth
  6459 | D:8      | Reached skill level 8 in Shields
  6556 | D:8      | Noticed Perttuleena's ghost (novice HaCK)
  6732 | D:8      | Reached skill level 10 in Long Blades
  6742 | D:8      | Found a transporter.
  6745 | D:8      | Found a transporter.
  6790 | D:8      | Reached **** piety under Okawaru
  6991 | D:8      | Found Yxocuor's Distillery.
  6998 | D:8      | Found Fadowiob's Armour Boutique.
  6999 | D:8      | Bought 2 potions of mutation for 176 gold pieces
  6999 | D:8      | Bought a potion of lignification for 33 gold pieces
  6999 | D:8      | Bought a potion of attraction for 33 gold pieces
  6999 | D:8      | Bought a potion of might for 44 gold pieces
  7074 | D:8      | Found Xeru's Antique Armour Shoppe.
  7819 | D:9      | Noticed Prince Ribbit
  7852 | D:9      | Killed Prince Ribbit
  7852 | D:9      | Reached skill level 9 in Shields
  8002 | D:9      | Reached XP level 10. HP: 60/84 MP: 9/9
  8246 | D:9      | Reached ***** piety under Okawaru
  8438 | D:9      | Found a shimmering blue altar of Sif Muna.
  9230 | D:10     | Entered Level 10 of the Dungeon
  9658 | D:10     | Reached skill level 10 in Shields
  9963 | D:10     | Found a staircase to the Lair.
  9975 | D:10     | Received a gift from Okawaru
 10009 | D:10     | Got a masterwork ring mail {god gift}
 10112 | D:10     | Found a shimmering altar of Xom.
 10230 | D:10     | Found a staircase to the Orcish Mines.
 10416 | D:10     | Identified the +0 ring mail "Esuocumimm" {rC++ Regen+ rCorr
                  | MP-9} (Okawaru gifted it to you on level 10 of the Dungeon)
 10768 | D:11     | Reached skill level 5 in Dodging
 10768 | D:11     | Reached XP level 11. HP: 63/94 MP: 3/10
 10920 | D:11     | Found Gatteos's Weapon Emporium.
 11253 | D:11     | Noticed a two-headed ogre
 11269 | D:11     | Killed a two-headed ogre
 11269 | D:11     | Reached skill level 11 in Shields
 11954 | D:12     | Noticed a boulder beetle
 11957 | D:12     | Noticed a five-headed hydra
 11997 | D:12     | Killed an unseen horror
 12339 | D:11     | Noticed Snorg
 12359 | D:11     | Killed Snorg
 12679 | Lair:1   | Entered Level 1 of the Lair of Beasts
 12679 | Lair:1   | Noticed Gastronok
 12711 | Lair:1   | Killed Gastronok
 12711 | Lair:1   | Reached skill level 10 in Armour
 13492 | Lair:1   | Reached XP level 12. HP: 95/105 MP: 3/11
 14159 | Lair:1   | Identified the Compendium of Earthen Intoxication
 14717 | Lair:2   | Reached skill level 12 in Shields
 14725 | Lair:2   | Received a gift from Okawaru
 14833 | Lair:2   | HP: 3/106 [elephant (8)]
 15042 | Lair:2   | Got a polished scimitar {god gift}
 15043 | Lair:2   | Identified the +10 scimitar "Qouker" {freeze, rPois Str+4}
                  | (Okawaru gifted it to you on level 2 of the Lair of Beasts)
 15251 | Lair:2   | Noticed a four-headed hydra
 15277 | Lair:2   | Killed a seven-headed hydra
 15279 | Lair:2   | Reached skill level 10 in Fighting
 15279 | Lair:2   | Reached skill level 1 in Invocations
 15520 | Lair:2   | Noticed a five-headed hydra
 15537 | Lair:2   | Killed a 14-headed hydra
 15537 | Lair:2   | Received a gift from Okawaru
 15543 | Lair:2   | Got a bloodstained scimitar {god gift}
 15544 | Lair:2   | Identified the +9 scimitar "Demonslayer" {holy, Str+2 SInv}
                  | (Okawaru gifted it to you on level 2 of the Lair of Beasts)
 15769 | Lair:2   | Reached skill level 13 in Shields
 15879 | Lair:2   | Found a staircase to the Swamp.
 16349 | D:8      | Killed Perttuleena's ghost
 16552 | D:12     | Noticed Erolcha
 16567 | D:12     | Killed Erolcha
 16590 | D:12     | Noticed Urug
 16601 | D:12     | Killed Urug
 16960 | D:12     | Found Ustrex's Jewellery Shop.
 16964 | D:12     | Noticed a two-headed ogre
 16967 | D:12     | Killed a two-headed ogre
 16971 | D:12     | Bought a cursed amulet of inaccuracy for 20 gold pieces
 17048 | D:12     | Killed a nine-headed hydra
 17048 | D:12     | Reached XP level 13. HP: 107/114 MP: 11/13
 17209 | D:12     | Found a blossoming altar of Fedhas.
 17269 | D:12     | Received a gift from Okawaru
 17374 | D:12     | Found Hynes's Gadget Boutique.
 17840 | D:13     | Noticed a fire dragon
 17850 | D:13     | Killed a fire dragon
 17859 | D:13     | Found a gate to the Vaults.
 17924 | D:13     | Reached ****** piety under Okawaru
 18235 | D:13     | Reached skill level 15 in Long Blades
 18349 | D:13     | Reached skill level 14 in Shields
 18906 | D:13     | Received a gift from Okawaru
 19675 | Orc:1    | Entered Level 1 of the Orcish Mines
 19686 | Orc:1    | Noticed Erica
 19703 | Orc:1    | Killed Erica
 19960 | Orc:1    | Found Titenad's Gadget Shop.
 20150 | Orc:2    | Entered Level 2 of the Orcish Mines
 20150 | Orc:2    | Found Zacoz's Armour Emporium.
 20150 | Orc:2    | Noticed an orc warlord
 20160 | Orc:2    | Noticed a stone giant
 20256 | Orc:1    | Killed an orc warlord
 20675 | Orc:2    | Reached XP level 14. HP: 117/126 MP: 14/14
 20690 | Orc:2    | Killed a stone giant
 20952 | Orc:2    | Found a staircase to the Elven Halls.
 21287 | Orc:2    | Reached skill level 15 in Shields
 21931 | Orc:2    | Received a gift from Okawaru
 21934 | Orc:2    | Noticed an orc warlord
 21949 | Orc:2    | Paralysed by an orc sorcerer for 4 turns
 21991 | Orc:2    | Killed an orc warlord
 22092 | Orc:2    | Received a gift from Okawaru
 22746 | Orc:2    | Found Hutuxzio's General Store.
 22747 | Orc:2    | Found Wab Deju's Jewellery Emporium.
 22748 | Orc:2    | Found Roibean's Antique Armour Shoppe.
 22748 | Orc:2    | Found Hoefeg's Antique Weapon Shoppe.
 22762 | Orc:2    | Bought a bloodstained kite shield for 304 gold pieces
 22768 | Orc:2    | Identified the cursed +0 kite shield of Absolutism {rC+
                  | Regen+} (You bought it in a shop on level 2 of the Orcish
                  | Mines)
 23966 | D:15     | Entered Level 15 of the Dungeon
 24020 | D:14     | Received a gift from Okawaru
 24270 | D:14     | Reached skill level 16 in Shields
 24384 | D:15     | Reached skill level 1 in Evocations
 24482 | D:15     | Noticed Rupert
 24546 | D:14     | Killed Rupert
 24722 | D:15     | Reached XP level 15. HP: 116/136 MP: 15/15
 24733 | D:15     | Found a staircase to the Depths.
 25644 | Lair:3   | Found a staircase to the Snake Pit.
 25743 | Lair:3   | Upgraded the game from 0.26-a0-752-gcff87cac9a to
                  | 0.26-a0-753-g4680b4fa2e
 26576 | Lair:4   | Reached skill level 17 in Shields
 26672 | Lair:4   | Noticed Kirke
 26678 | Lair:4   | Noticed a sphinx
 26678 | Lair:4   | Killed Kirke
 26891 | Lair:4   | Received a gift from Okawaru
 27280 | Lair:4   | Got a pair of transparent boots {god gift}
 27291 | Lair:4   | Identified the +2 pair of boots of the Nightingale {rN+
                  | Str+6 Slay+2} (Okawaru gifted it to you on level 4 of the
                  | Lair of Beasts)
 27599 | Lair:5   | Found the ring of the Mage {Wiz MR++ Int+3}
 27656 | Lair:5   | Found a frozen archway.
 27670 | IceCv    | Entered an ice cave
 27722 | IceCv    | Got a warped bronze ring
 27754 | IceCv    | Identified the ring "Tuiculym" {rN+ Int+2} (You found it in
                  | an ice cave)
 27778 | IceCv    | Got a dazzling spear
 27982 | IceCv    | Noticed a frost giant
 28019 | IceCv    | Killed a frost giant
 28049 | IceCv    | Found the +27 Lear's hauberk
 28656 | Lair:5   | Identified the +9 spear "Zirobb" {vorpal, MR+ Dex+2} (You
                  | found it in an ice cave)
 28858 | Lair:5   | Received a gift from Okawaru
 29263 | Lair:6   | Entered Level 6 of the Lair of Beasts
 29301 | Lair:6   | Reached XP level 16. HP: 101/147 MP: 14/17
 29323 | Lair:6   | Reached skill level 15 in Fighting
 29332 | Lair:6   | Reached skill level 18 in Shields
 29423 | Lair:6   | Received a gift from Okawaru
 29426 | Lair:6   | Got a warped hat {god gift}
 29437 | Lair:6   | Identified the +1 hat of Light {Str+5} (Okawaru gifted it
                  | to you on level 6 of the Lair of Beasts)
 29718 | Lair:6   | Reached skill level 10 in Dodging
 30039 | Lair:6   | Got an ebony glaive
 30123 | Lair:6   | Found a staircase to the Slime Pits.
 30594 | Lair:1   | Identified the +3 glaive "Death Rattle" {holy, SInv} (You
                  | found it on level 6 of the Lair of Beasts)
 30798 | Elf:1    | Entered Level 1 of the Elven Halls
 30964 | Elf:1    | Found Iuifaolo's Incredible Inventory.
 31008 | Elf:1    | Bought a scroll of immolation for 38 gold pieces
 31366 | Elf:1    | Received a gift from Okawaru
 31369 | Elf:1    | Got a pair of distressingly furry gloves {god gift}
 31380 | Elf:1    | Identified the +0 pair of gloves "Ucaev" {MR+++ Regen+
                  | Int-4 Slay+2} (Okawaru gifted it to you on level 1 of the
                  | Elven Halls)
 31602 | Elf:1    | Noticed Jorgrun
 31616 | Elf:1    | Killed Jorgrun
 32109 | Elf:3    | Entered Level 3 of the Elven Halls
 32331 | Lair:1   | You fall into a shaft and drop 1 floor!
 32614 | Swamp:1  | Entered Level 1 of the Swamp
 33236 | Swamp:2  | Reached skill level 19 in Shields
 33299 | Swamp:2  | Reached XP level 17. HP: 158/158 MP: 18/18
 33356 | Swamp:2  | Found a burning altar of Makhleb.
 33423 | Swamp:2  | Received a gift from Okawaru
 34250 | Swamp:3  | Received a gift from Okawaru
 34372 | Swamp:3  | Found a runed translucent door.
 34485 | Swamp:3  | Noticed Flubber's ghost (journeyman GrFi)
 34503 | Swamp:3  | Killed Flubber's ghost
 34684 | Snake:1  | Entered Level 1 of the Snake Pit
 35186 | Snake:1  | Received a gift from Okawaru
 35419 | Snake:1  | Reached skill level 20 in Shields
 36193 | Snake:1  | Got a twisted short sword
 36246 | Snake:2  | Found Myhus's Magic Scroll Boutique.
 36248 | Snake:2  | Found Kapiosa's Antique Armour Shop.
 36250 | Snake:2  | Found Ciugug's Antique Weapon Boutique.
 36254 | Snake:2  | Bought a scroll of magic mapping for 49 gold pieces
 36254 | Snake:2  | Bought a scroll of identify for 28 gold pieces
 36254 | Snake:2  | Bought a scroll of identify for 28 gold pieces
 36254 | Snake:2  | Bought a scroll of immolation for 49 gold pieces
 36256 | Snake:2  | Bought a faintly humming plate armour for 980 gold pieces
 36273 | Snake:2  | Identified the +2 plate armour of Panentheism {Dex+3} (You
                  | bought it in a shop on level 2 of the Snake Pit)
 36278 | Snake:2  | Bought a runed kite shield for 262 gold pieces
 36280 | Snake:2  | Identified the +6 short sword of Intimidation {pain, rElec
                  | rF+ MP+9 Dex+3} (You found it on level 1 of the Snake Pit)
 36313 | Snake:2  | Noticed Aizul
 36327 | Snake:2  | Killed Aizul
 36430 | Snake:2  | Identified a scroll of acquirement
 36622 | Snake:2  | Reached XP level 18. HP: 161/169 MP: 19/19
 37048 | Snake:3  | Received a gift from Okawaru
 37796 | Snake:4  | Entered Level 4 of the Snake Pit
 37809 | Snake:4  | Reached skill level 21 in Shields
 37816 | Snake:4  | Reached skill level 15 in Armour
 37894 | Snake:4  | Noticed Vashnia
 37925 | Snake:4  | Killed Vashnia
 37952 | Snake:4  | Received a gift from Okawaru
 38014 | Snake:4  | Found Eproelown's Gadget Shoppe.
 38017 | Snake:4  | Found Peroiwic's Antique Weapon Emporium.
 38037 | Snake:4  | Bought a pitted long sword for 221 gold pieces
 38038 | Snake:4  | Identified the +6 long sword "Onitroete" {vorpal, rElec rF+
                  | Int+3 Stlth-} (You bought it in a shop on level 4 of the
                  | Snake Pit)
 38095 | Snake:4  | Found Jonuux's General Store.
 38138 | Snake:4  | Noticed Bai Suzhen
 38165 | Snake:4  | Killed Bai Suzhen
 38645 | Snake:4  | Reached XP level 19. HP: 131/179 MP: 20/20
 39348 | Snake:4  | Noticed Roxanne
 39359 | Snake:4  | Noticed Saint Roka
 39382 | Snake:4  | Killed Saint Roka
 39408 | Snake:4  | Killed Roxanne
 39742 | Snake:4  | Got a serpentine rune of Zot
 40080 | Swamp:4  | Entered Level 4 of the Swamp
 40094 | Swamp:4  | Noticed Nikola
 40113 | Swamp:3  | Killed Nikola
 40113 | Swamp:3  | Reached skill level 22 in Shields
 40427 | Swamp:4  | Received a gift from Okawaru
 40543 | Swamp:4  | Identified the +0 tower shield of the Stone Wall {rC+}
                  | (Okawaru gifted it to you on level 4 of the Swamp)
 40703 | Swamp:4  | Noticed the 27-headed Lernaean hydra
 41145 | Swamp:4  | Killed the 27-headed Lernaean hydra
 41248 | Swamp:4  | Got a decaying rune of Zot
 42074 | Elf:2    | Found a runed translucent gate.
 42076 | Elf:2    | Found a runed translucent gate.
 42079 | Elf:2    | Found a runed translucent gate.
 42586 | Elf:3    | Received a gift from Okawaru
 42593 | Elf:3    | Got a pair of buzzing gloves {god gift}
 42645 | Elf:3    | Identified the +0 pair of gloves "Yreet" {*Drain Int+5}
                  | (Okawaru gifted it to you on level 3 of the Elven Halls)
 42773 | Elf:3    | Identified the cursed +1 robe of Ocweatej {*Slow rF+ Int+4}
 42773 | Elf:3    | Identified the ring "Cuw Puwkinu" {rF- rC+ MR++ Str+7}
 42814 | Elf:3    | Identified the ring of Kohaaq {+Fly rElec rC+ Dex+4 Stlth-}
 43140 | Elf:3    | Identified the amulet of Qidud {RegenMP rN++ Str-2}
 43158 | Elf:3    | Identified the ring "Coptao" {Slay+2 SInv}
 43180 | Elf:2    | Reached skill level 23 in Shields
 43362 | Elf:3    | Reached XP level 20. HP: 144/189 MP: 21/21
 43526 | Elf:3    | Identified Otoh's Papyrus of Attacks and the Birds
 43561 | Elf:3    | Identified Sif Muna's Catalogue of Earthen Ice
 44650 | Elf:2    | Received a gift from Okawaru
 45172 | Vaults:1 | Entered Level 1 of the Vaults
 45414 | Vaults:1 | Received a gift from Okawaru
 45417 | Vaults:1 | Identified the -6 kite shield of Moral Flaws {-Tele Str+4
                  | Int+2} (Okawaru gifted it to you on level 1 of the Vaults)
 46323 | Vaults:4 | Noticed Mara
 46334 | Vaults:4 | Noticed Peloso's illusion
 46362 | Vaults:4 | Reached skill level 24 in Shields
 46406 | Vaults:3 | Found a portal to a secret trove of treasure.
 46428 | Vaults:3 | Received a gift from Okawaru
 46430 | Vaults:3 | Reached XP level 21. HP: 65/201 MP: 22/22
 47105 | Vaults:3 | Noticed Xtahua
 47124 | Vaults:3 | Killed Xtahua
 47124 | Vaults:3 | Received a gift from Okawaru
 47814 | Vaults:4 | Noticed Sojobo
 47834 | Vaults:4 | Killed Sojobo
 48095 | Vaults:4 | Received a gift from Okawaru
 48098 | Vaults:4 | Got a pair of faintly humming boots {god gift}
 48102 | Vaults:4 | Identified the +2 pair of boots of Lilacs {rPois} (Okawaru
                  | gifted it to you on level 4 of the Vaults)
 48234 | Vaults:4 | Killed Mara
 48323 | Vaults:4 | Reached skill level 25 in Shields
 48588 | Vaults:4 | Found a runed translucent door.
 48588 | Vaults:4 | Noticed Ynisk's ghost (adept HaHu)
 48601 | Vaults:4 | Killed Ynisk's ghost
 49062 | Vaults:5 | Entered Level 5 of the Vaults
 49196 | Vaults:4 | Reached XP level 22. HP: 123/213 MP: 20/24
 49353 | Vaults:2 | Received a gift from Okawaru
 50464 | Vaults:2 | Found a staircase to the Crypt.
 50464 | Vaults:2 | Found a basalt altar of Yredelemnul.
 50465 | Vaults:2 | Found an ancient bone altar of Kikubaaqudgha.
 50818 | Vaults:4 | Received a gift from Okawaru
 50935 | Vaults:5 | Reached skill level 26 in Shields
 51605 | Vaults:5 | Received a gift from Okawaru
 51960 | Vaults:5 | Identified the +9 falchion "Foekho" {vorpal, rElec rF+}
 52017 | Vaults:5 | Reached XP level 23. HP: 222/222 MP: 25/25
 52782 | Vaults:5 | Noticed an ancient lich
 52791 | Vaults:5 | Killed an ancient lich
 52872 | Vaults:5 | Identified the +7 longbow of the Many Leylines {speed,
                  | rElec Str+3}
 52887 | Vaults:5 | Reached skill level 27 in Shields
 52969 | Vaults:5 | Noticed an ancient lich
 52980 | Vaults:5 | Killed an ancient lich
 53246 | Vaults:5 | Got a silver rune of Zot
 53382 | Vaults:5 | Identified the +5 quarterstaff of the Lair of Beasts
                  | {vorpal, +Blink Int+2}
 53489 | Vaults:5 | Identified the +6 dire flail "Secismex" {venom, Int+3}
 54520 | D:8      | Bought the -5 cloak of Shadows and Fog {rC+ rN++ rCorr
                  | Int-2} for 75 gold pieces
 54539 | D:8      | Lost intelligence.
 54908 | Crypt:1  | Entered Level 1 of the Crypt
 54940 | Crypt:1  | Found an ancient bone altar of Kikubaaqudgha.
 54985 | Crypt:1  | Received a gift from Okawaru
 56282 | Crypt:2  | Noticed Margery
 56319 | Crypt:1  | Killed from afar by Margery

Illustrated notes

Levels and vault maps discovered:
D:1:      ebering_trefoil_3fold, layout_rooms, serial_rivers,
          chequers_serial_rivers_micro_c, chequers_serial_rivers_micro_e,
          chequers_serial_rivers_marsh, chequers_serial_rivers_large_b
D:2:      layout_basic
D:3:      layout_rooms, lemuel_crystal_altar, bh_walls_and_bars, uniq_terence
D:4:      layout_loops_cross, kiku_gazebo_garden_becter, vehumet_altar_wand_db,
          minmay_temple_entry_arrows
D:5:      layout_basic, basic_altar, serial_shops, nicolae_shop_waterfront,
          serial_corexii_hall, corexii_hall_statues_l, corexii_hall_statues_x
D:6:      layout_cave_pods
D:7:      layout_basic, basic_altar
D:8:      layout_layer_cave, serial_shops, shop, shop, nicolae_shop_statue_plus,
          gammafunk_ghost_arena, minmay_holes, uniq_maurice
D:9:      statuecave_lemuel, layout_irregular_city, lemuel_crystal_altar,
          kennysheep_generic_room_11, uniq_prince_ribbit1
D:10:     layout_irregular_city, lair_entry_dummy,
          kennysheep_orc_monster_closet_entryway, xom_teletrap_fun
D:11:     layout_loops_ring, serial_shops, shop, serial_bayou_lagoon_a,
          uniq_snorg
D:12:     layout_roguey, serial_shops, shop, nicolae_shop_trees,
          nicolae_benzene_ring, tgw_fedhas, uniq_erolcha, uniq_urug
D:13:     minmay_dotted_concentric_squares, layout_basic, david_vaults_4
D:14:     layout_cave_pools, serial_park_gazebo [serial_park_minivault_5x5_6],
          minmay_increasing_density
D:15:     grunt_enter_depths_magical_seal, layout_cave_pools, glass_columns_b,
          serial_park_tiny_2, uniq_rupert
Temple:   hc_temple_tempest_star
Lair:1:   layout_hall_layers, special_room [special_room_bee],
          lemuel_fruit_tree, uniq_gastronok
Lair:2:   layout_roguey, palyth_hydra_swamp_entry
Lair:3:   layout_concentric_octagons, minmay_snake_entry_guardpost_small,
          grunt_megastairs_2
Lair:4:   layout_roguey, forest_entry_grove, minmay_lair_oklob_chamber,
          uniq_kirke
Lair:5:   layout_gridlike, portal_ice_cave_entry_pillars_2, st_stairs_12
Lair:6:   minmay_lair_end_frog_pond, layout_regular_city,
          nicolae_slime_entry_slimehenge, grunt_forest_small_clearing_treed
Swamp:1:  layout_basic_swamp, evilmike_swamp_ruin_house_1, swamp_pool1
Swamp:2:  layout_basic_swamp, basic_altar, swamp_pool3, nicolae_swamp_treefoil
Swamp:3:  layout_basic_swamp, ebering_ghost_inner_flame,
          nicolae_swamp_feature_on_the_river_bank, swamp_pool1
Swamp:4:  swamp_old_school, layout_basic_swamp, swamp_pool5,
          evilmike_swamp_ruin_house_5, infiniplex_staircase_pool, uniq_nikola
Snake:1:  layout_chambers, nicolae_snake_springs, grunt_megastairs_3
Snake:2:  layout_onion_interference, minmay_shop_star, serial_bayou_shore_b,
          grunt_megastairs_1, serial_bayou_shore_b, uniq_aizul
Snake:3:  nicolae_sea_snake_s, layout_rooms
Snake:4:  snake_pit, layout_basic, serial_shops, shop,
          nrook_guardian_serpent_ordinary, serial_bayou_shore_b,
          minmay_shoptagon, uniq_bai_suzhen, uniq_roxanne, uniq_vashnia,
          uniq_saint_roka
Orc:1:    layout_caves, serial_shops, shop_fountains, uniq_erica
Orc:2:    st_orc_congregation, layout_caves, serial_shops, shop
Elf:1:    eino_elf_arrival_customs, layout_geoelf_octagon, minivault_28,
          grunt_ministairs_7, nicolae_alphabet_shops, uniq_jorgrun
Elf:2:    layout_geoelf_diagonals, hex_intersection, lemuel_elevator
Elf:3:    minmay_elf_hall_quartered_circle, layout_loops_cross, minivault_25
Vaults:1: nicolae_vaults_mini_display_case, grunt_vaults_twisty,
          ontoclasm_vaults_misaligned, v_misc_2, vaults_room_hallway,
          vaults_dpeg_cross, layout_vaults_omnibox
Vaults:2: hangedman_vaults_variations, ontoclasm_vaults_ligature,
          hangedman_vaults_river_flow, minmay_crypt_entry_necro_gods,
          nicolae_vaults_little_ls, nicolae_vaults_yaktaur_gun_rack, v_misc_10,
          special_room_vaults [special_room_orc], ontoclasm_vaults_chip,
          layout_vaults_omnigrid
Vaults:3: nicolae_vaults_network_square, vaults_room_semicircle, v_misc_9,
          ontoclasm_vaults_spin, nicolae_vaults_murderbox, v_alt_pattern_4,
          v_misc_26, v_misc_15, layout_vaults_omnicross,
          nicolae_trove_entry_free_sample, uniq_xtahua
Vaults:4: ebering_vaults_ghost_inner_flame, v_misc_25,
          vaults_room_guarded_vault, v_alt_pattern_2, v_misc_27,
          nicolae_vaults_border_crossing, dpeg_vaults_monster_row,
          layout_vaults_chaotic_city, uniq_mara, uniq_sojobo
Vaults:5
Crypt:1:  layout_regular_city, basic_altar, serial_co_window_serial,
          co_window_of_opportunity_a, co_window_paths_b, co_window_paths_b,
          co_window_paths_b, co_window_paths_b, co_window_corner_a,
          co_window_cross_1, co_window_2corner, co_window_corner_b,
          co_window_of_opportunity_b, co_window_sun, grunt_crypt_arrival_split
Crypt:2:  layout_basic, ebering_ghost_xom, uniq_margery

Skill      XL: |  1  2  3  4  5  6  7  8  9 10 11 12 13 14 15 16 17 18 19 20 21 22 23 |
---------------+----------------------------------------------------------------------+-----
Shields        | 4 5 6 7 9 10 11 13 14 16 17 19 20 21 23 24 25 26 27 | 27.0
Fighting       | 4 5 6 8 9 10 12 13 14 16 17 18 20 21 22 | 22.5
Armour         | 4 5 7 9 10 11 12 13 14 15 16 17 18 | 18.8
Long Blades    | 3 4 5 7 8 10 12 13 14 15 16 17 18 19 20 21 22 | 22.5
Dodging        | 1 2 3 4 5 6 8 9 10 11 12 | 12.5
Stealth        | 2 3 4 |  4.3
Invocations    | 1 2 3 4 |  4.2
Evocations     | 1 2 |  2.4

Action                   |  1- 3 |  4- 6 |  7- 9 | 10-12 | 13-15 | 16-18 | 19-21 | 22-24 || total
-------------------------+-------+-------+-------+-------+-------+-------+-------+-------++-------
Melee: Long sword        |   101 |   113 |   404 |   760 |       |       |       |       ||  1378
       Headbutt          |    14 |    27 |    87 |   202 |   333 |   382 |   405 |   207 ||  1657
       Scimitar          |       |       |       |   114 |  1079 |  1080 |  1140 |   576 ||  3989
Invok: Heroism           |       |       |     1 |    10 |    10 |     8 |     5 |     3 ||    37
       Finesse           |       |       |       |     1 |     1 |       |     1 |       ||     3
Evoke: Wand              |       |       |     1 |     6 |     2 |     6 |     5 |       ||    20
  Use: Scroll            |     4 |     1 |     6 |    10 |     6 |     9 |     9 |     3 ||    48
       Potion            |     3 |       |     1 |     4 |     4 |     1 |     2 |     5 ||    20
 Stab: Paralysed         |       |       |     6 |       |       |       |       |       ||     6
Armor: Scale mail        |    22 |       |       |       |       |       |       |       ||    22
       Ice dragon scales |    32 |    56 |   201 |   332 |   252 |   244 |       |       ||  1117
       Fire dragon scale |       |       |       |       |   131 |       |       |       ||   131
       Plate armour      |       |       |       |       |       |   161 |   429 |    98 ||   688
Dodge: Dodged            |    26 |    38 |   142 |   324 |   429 |   494 |   515 |   124 ||  2092
Block: Kite shield       |    52 |    59 |   222 |   529 |   778 |   983 |  1157 |    25 ||  3805
       Tower shield      |       |       |       |       |       |       |       |   663 ||   663
       Reflection        |       |       |       |       |       |       |       |    62 ||    62
       Rpst.: Long sword |     5 |    12 |    44 |    71 |       |       |       |       ||   132
       Scimitar          |       |       |       |     4 |   106 |    95 |    79 |    22 ||   306

Table legend: (Time is in decaauts)
 A = Elapsed time spent in this place.
 B = Non-inter-level travel time spent in this place.
 C = Inter-level travel time spent in this place.
 D = Time resting spent in this place.
 E = Time spent auto-exploring this place.
 F = Levels seen in this place.
 G = Mean time per level.
                   A        B        C        D        E       F      G
               +--------+--------+--------+--------+--------+-----+--------+
         Total |  55669 |  50040 |   5629 |   5902 |  28783 |  43 | 1294.6 |
       Dungeon |  19952 |  17773 |   2179 |   2227 |  11417 |  15 | 1330.1 |
        Temple |     28 |     28 |      0 |      0 |     14 |   1 |   28.0 |
          Lair |   9342 |   8284 |   1058 |    592 |   4458 |   6 | 1557.0 |
         Swamp |   3632 |   3351 |    281 |    474 |   2197 |   4 |  908.0 |
     Snake Pit |   4778 |   4276 |    502 |    164 |   2469 |   4 | 1194.5 |
  Orcish Mines |   3462 |   3067 |    395 |   1012 |   1286 |   2 | 1731.0 |
   Elven Halls |   4320 |   3732 |    588 |    666 |   1682 |   3 | 1440.0 |
        Vaults |   7979 |   7374 |    605 |    767 |   3697 |   5 | 1595.8 |
         Crypt |   1383 |   1366 |     17 |      0 |   1137 |   2 |  691.5 |
      Ice Cave |    789 |    789 |      0 |      0 |    423 |   1 |  789.0 |
               +--------+--------+--------+--------+--------+-----+--------+

Top non-repeatable levels by time:
  Lair:1: 3439 daAuts
   Orc:2: 2236 daAuts
    D:13: 2108 daAuts
    D:10: 2058 daAuts
Vaults:5: 2026 daAuts
Vaults:4: 1989 daAuts
  Lair:2: 1906 daAuts
     D:9: 1890 daAuts
    D:12: 1883 daAuts
     D:8: 1835 daAuts
Vaults:2: 1679 daAuts
    D:11: 1652 daAuts
   Elf:1: 1645 daAuts
 Snake:1: 1577 daAuts
   Elf:3: 1549 daAuts
